 Dungeon Crawl Stone Soup version 0.31-a0-981-geadf994542 (webtiles) character file.

Game seed: 11879458495778406835

200 AIAndy the Ruffian (level 5, -1/33 HPs)
             Began as an Octopode Shapeshifter on Nov 1, 2023.
             Succumbed to a scorpion's poison
             ... on level 4 of the Dungeon.
             The game lasted 00:04:14 (1933 turns).

AIAndy the Ruffian (Octopode Shapeshifter)          Turns: 1933, Time: 00:04:15

Health: -1/33      AC:  1    Str: 15    XL:     5   Next: 79%
Magic:  2/5        EV: 13    Int: 13    God:
Gold:   160        SH:  0    Dex:  9    Spells: 2/4 levels left

rFire   . .          .
                       - Unarmed
rCold   . . .        (no shield)
rNeg    . . .        (helmet currently unavailable)
rPois   .            G - amulet of guardian spirit
rElec   .            (no ring)
rCorr   .            (no ring)
SInv    .            (no ring)
Will    .....        (no ring)
Stlth   ++           (no ring)
HPRegen 0.25/turn    (no ring)
MPRegen 0.09/turn    (no ring)
                     (no ring)

%: guardian spirit
@: lethally poisoned (-1 -> -22), beast-form, hasted, very quick
A: beast (slay +2), almost no armour, amphibious, 8 rings, camouflage 1,
gelatinous body 1, (nimble swimmer 1), tentacles, clumsy 1
a: Begin Untransformation


You were on level 4 of the Dungeon.
You were a hulking beast.
You visited 1 branch of the dungeon, and saw 4 of its levels.

You collected 160 gold pieces.


Innate Abilities, Weirdness & Mutations

You are a hulking beast.
Your limbs bulge with bestial killing power. (Slay +2)
You cannot wear most types of armour.
You are amphibious.
You can wear up to eight rings at the same time.
Your skin changes colour to match your surroundings (Stealth+).
Your rubbery body absorbs attacks. (AC +1, EV +1)
((You are camouflaged when in or above water. (Stealth+)))
You have tentacles for arms and can constrict up to eight enemies at once.
You are clumsy. (Dex -2)


   Skills:
 - Level 1.0 Fighting
 - Level 2.0 Dodging
 + Level 4.9 Unarmed Combat
 + Level 4.6 Shapeshifting


You had 2 spell levels left.
You knew the following spells:

 Your Spells              Type           Power      Damage    Failure   Level
I - Blink                 Tloc           0%         N/A       43%         2

Your spell library contained the following spells:

 Spells                   Type           Power      Damage    Failure   Level
 Manifold Assault         Tloc           0%         N/A       97%         4

Inventory:

Jewellery
 G - an amulet of guardian spirit (around mantle)
Talismans
 b - a beast talisman
 c - a flux talisman
Scrolls
 d - 3 scrolls of enchant armour {unknown}
 f - a scroll of revelation {unknown}
 g - 3 scrolls of identify {unknown}
 h - a scroll of immolation {unknown}
 j - 2 scrolls of teleportation {unknown}
 l - a scroll of fog {unknown}
 p - a scroll of brand weapon {unknown}
Potions
 a - a potion of lignification {!q}
 e - a potion of brilliance {unknown}
 i - a potion of degeneration {unknown}
 k - a potion of haste {@q3}
 m - a potion of attraction {unknown}
 n - a potion of cancellation {unknown}
 o - a potion of enlightenment {unknown}

Dungeon Overview and Level Annotations

Branches:
Dungeon (4/15)
 Temple: D:4-7

Altars:
Kikubaaqudgha
The Shining One

##... . .. ...#
. ##... ..#..#.
.......##
........##
#..h.#
#..........
##...........$
.............
..#.##........
#...###........
##.. ##........
##.##.......(.
##.#......>...


There were no monsters in sight!


Message History

You tentacle-slap the scorpion.
The scorpion is heavily wounded.
You constrict the scorpion.
You feel sick. The scorpion closely misses you.
You tentacle-slap the scorpion but do no damage.
The scorpion is heavily wounded.
You constrict the scorpion.
You feel sick. The scorpion stings you.
You are more poisoned.
The scorpion poisons you!
You tentacle-slap the scorpion but do no damage.
The scorpion is severely wounded.
You constrict the scorpion.
You feel very sick. The scorpion stings you.
* * * LOW HITPOINT WARNING * * *
You are too injured to fight recklessly!
You tentacle-slap the scorpion but do no damage.
The scorpion is severely wounded.
You constrict the scorpion.
* * * LOW HITPOINT WARNING * * *
You feel very sick. The scorpion stings you.
* * * LOW HITPOINT WARNING * * *
You are more poisoned.
The scorpion poisons you!
You tentacle-slap the scorpion.
You kill the scorpion!
* * * LOW HITPOINT WARNING * * *
You feel very sick.
It was a potion of haste.
You feel yourself speed up.
You die...

Skill      XL: |  1  2  3  4 |
---------------+-------------+-----
Unarmed Combat | 4 |  4.9
Shapeshifting  | 4 |  4.6
Fighting       | |  1.0
Dodging        | |  2.0

Action                     |  1- 3 |  4- 6 || total
---------------------------+-------+-------++-------
  Melee: Unarmed           |    60 |    52 ||   112
         Constrict         |    15 |    15 ||    30
         Tentacles         |    11 |     9 ||    20
         Punch             |       |     1 ||     1
    Use: Potion            |     1 |     1 ||     2
   Stab: Sleeping          |     5 |     5 ||    10
 Armour: Skin              |    20 |    13 ||    33
  Dodge: Dodged            |    34 |    25 ||    59

Levels and vault maps discovered:
D:1:      eino_arrival_cavern_a, layout_basic
D:2:      layout_basic, basic_altar, st_stairs_11
D:3:      layout_basic, mainiacjoe_overflow_24_doors
D:4:      layout_cave_pools, hangedman_decor_clover_reticule, hex_large,
          uniq_grinder, uniq_pikel

Notes
Turn   | Place    | Note
-------+----------+-------------------------------------------
     0 | D:1      | AIAndy the Octopode Shapeshifter began the quest for the
                  | Orb.
     0 | D:1      | Reached XP level 1. HP: 13/13 MP: 1/1
   145 | D:1      | Reached XP level 2. HP: 18/18 MP: 2/2
   526 | D:2      | Reached XP level 3. HP: 18/23 MP: 3/3
   529 | D:2      | HP: 2/23 [quokka (2)]
   534 | D:2      | Gained mutation: You are clumsy. (Dex -2) [potion of
                  | mutation]
   537 | D:2      | HP: 2/23 [quokka (1)]
   722 | D:2      | Found a glowing golden altar of the Shining One.
   790 | D:2      | Reached XP level 4. HP: 28/28 MP: 4/4
   847 | D:2      | Reached skill level 4 in Unarmed Combat
   865 | D:2      | Learned a level 2 spell: Blink
  1006 | D:2      | Reached skill level 4 in Shapeshifting
  1217 | D:3      | Found an ancient bone altar of Kikubaaqudgha.
  1559 | D:3      | Reached XP level 5. HP: 30/33 MP: 3/5
  1882 | D:4      | Noticed a phantom
  1933 | D:4      | Succumbed to a scorpion's poison

Vanquished Creatures
  A scorpion (D:4)
  3 gnolls (D:2)
  5 adders
  3 worms
  A dart slug (D:3)
  An orc (D:3)
  6 ball pythons
  4 bats
  5 endoplasms
  2 giant cockroaches (D:1)
  3 goblins
  6 hobgoblins
  6 kobolds
  4 quokkas
  5 frilled lizards
  3 rats
58 creatures vanquished.

Table legend: (Time is in decaauts)
 A = Elapsed time spent in this place.
 B = Non-inter-level travel time spent in this place.
 C = Inter-level travel time spent in this place.
 D = Time resting spent in this place.
 E = Time spent auto-exploring this place.
 F = Levels seen in this place.
 G = Mean time per level.
                   A        B        C        D        E       F      G
               +--------+--------+--------+--------+--------+-----+--------+
         Total |   1924 |   1849 |     75 |     65 |   1408 |   4 |  481.0 |
       Dungeon |   1924 |   1849 |     75 |     65 |   1408 |   4 |  481.0 |
               +--------+--------+--------+--------+--------+-----+--------+

Top non-repeatable levels by time:
     D:3: 747 daAuts
     D:2: 587 daAuts
     D:1: 581 daAuts
     D:4: 8 daAuts

Table legend:
 A = Non-vault XP
 B = Vault XP
 C = Vault XP percentage of total XP
 D = Non-vault monster count
 E = Vault monster count
 F = Vault count percentage of total count
                 A         B        C        D         E       F
            +---------+---------+-------+---------+---------+-------
      Total |     262 |      25 |   8.7 |      54 |       4 |   6.9
            +---------+---------+-------+---------+---------+-------
        D:1 |      23 |       0 |   0.0 |      14 |       0 |   0.0
        D:2 |      85 |      25 |  22.7 |      22 |       4 |  15.4
        D:3 |      71 |       0 |   0.0 |      17 |       0 |   0.0
        D:4 |      83 |       0 |   0.0 |       1 |       0 |   0.0
            +---------+---------+-------+---------+---------+-------
